NULL
Full Scoreboard »»

Ducks vs Oilers

Created - March 11, 2024 at 21:59

Goals
1 2 3 T
Ducks 0 1 2 3
Oilers 0 1 0 1
Shots
1 2 3 T
Ducks 9 7 9 25
Oilers 12 8 14 34

GoalsPenalties
1st period
No Goal
Nicolas Deslauriers (EDM) for Elbowing (Minor) at 5:06
Ryan Reaves (EDM) for Fighting (Major) at 19:19
T.J. Oshie (ANA) for Fighting (Major) at 19:19
2nd period
1. Ducks , Max Pacioretty 12 (Ivan Barbashev 13) at 6:08
2. Oilers , Nicolas Deslauriers 2 (Samuel Girard 16) at 10:15
Kailer Yamamoto (EDM) for Cross-checking (Minor) at 0:11
Brett Kulak (EDM) for Roughing (Minor) at 3:04
Brayden Yager (EDM) for Tripping (Minor) at 10:56
Nicolas Deslauriers (EDM) for Holding Stick (Minor) at 18:32
3rd period
3. Ducks , Jason Robertson 20 (Johnny Gaudreau 23, Alexandre Carrier 12) at 0:53
4. Ducks , Ivan Barbashev 9 (Max Pacioretty 12, Devon Toews 19) at 11:04
Victor Soderstrom (ANA) for Holding (Minor) at 2:29
Nate Danielson (EDM) for High sticking (Minor) at 6:58
Goalie Stats
Mike Smith (ANA), 33 saves from 34 shots - (0.971), W, 14-13-0, 60:00 minutes
Adin Hill (EDM), 22 saves from 25 shots - (0.880), L, 22-16-4, 60:00 minutes
3 StarsOfficial
1 - Mike Smith (ANA)
2 - Ivan Barbashev (ANA)
3 - Max Pacioretty (ANA)
Referees : Unknown
Linesman : Unknown
Game Note
Ryan Reaves beats up T.J. Oshie at 19:19 of 1st period



Team Name Goals Shots Shots Attemp Shots Blocked PIM HIT PP PK FO%
Ducks 3254567300 / 6 (0%)044%
Oilers 134521017290 / 1 (0%)056%

Ducks
Player Name POS G A P +/- PIM HIT SHT SB MP PP MP PP SHT PK MP PK SHT FO% FOT GA TA
Alex NewhookC/LW000000005:201:2000:0000% 300
Alexandre CarrierD0110010023:066:0101:3600% 001
Corey PerryLW/RW000002006:260:0000:0000% 000
Devon ToewsD0113001025:025:5301:5900% 011
Ivan BarbashevC/LW/RW1122022013:050:0000:00075% 1221
Jack EichelC0000041020:195:5910:43044% 1610
Jack RoslovicC/RW000001105:300:0000:0000% 010
Jason RobertsonLW/RW1010031120:195:5900:4300% 300
Johnny GaudreauLW/RW0110015021:075:5911:16150% 200
Jordan EberleLW/RW0000042020:465:5501:1600% 000
Leo CarlssonC000-1001116:090:0000:0000% 100
Max PaciorettyLW/RW1122005013:310:2410:0000% 100
Michael AndersonD0003020122:595:5300:2300% 001
Ryan GetzlafC/LW/RW0002020012:330:0000:0000% 000
T.J. OshieC/LW/RW0000521116:444:1100:00043% 2101
Troy TerryRW0000044119:005:5510:0000% 020
Victor MeteD000-1000014:020:0000:0000% 001
Victor SoderstromD0000221122:016:0100:0000% 000
Oilers
Player Name POS G A P +/- PIM HIT SHT SB MP PP MP PP SHT PK MP PK SHT FO% FOT GA TA
Alexander EdlerD0001010014:440:0000:0000% 001
Brayden YagerC0000215012:240:0000:00050% 1001
Brett KulakD0001210214:440:0000:0000% 000
Bryan RustC/RW000-1012019:511:0115:58047% 1700
Cameron YorkD000-1011120:520:3106:0100% 001
Dakota JoshuaC000000009:270:0000:1000% 101
Jason DickinsonC/LW000-2031020:271:0106:0810% 000
Jujhar KhairaC/LW/RW0000060012:520:5800:2500% 000
Kailer YamamotoRW000-1204118:231:0104:260100% 100
Matthew WoodRW0000016012:240:5800:000100% 210
Mattias SamuelssonD000-1032120:520:3106:0100% 000
Nate DanielsonC000-1214017:500:5814:56261% 2301
Nicolas DeslauriersLW/RW101-142309:340:0000:0000% 010
Oskar SundqvistC/RW0000000012:040:0000:0000% 010
Ryan McLeodC/LW0000021013:490:0001:45067% 300
Ryan ReavesRW000053109:070:0000:13050% 200
Samuel GirardD011-2023224:241:2815:5300% 000
Seth JonesD000-2011324:241:2805:5300% 032

Ducks

5 vs 5 Forward
Line #Left WingCenterRight WingPHYDFOFWanted %Time %Time Play
1Jason RobertsonJack EichelJohnny Gaudreau1223031%14:18
2Jordan EberleT.J. OshieTroy Terry1223030%13:46
3Max PaciorettyIvan BarbashevRyan Getzlaf1223027%12:33
4Corey PerryLeo CarlssonJack Roslovic1221012%5:30
5 vs 5 Defense
Line #DefenseDefensePHYDFOFWanted %Time %Time Play
1Devon ToewsMichael Anderson1223031%14:28
2Alexandre CarrierVictor Soderstrom1223033%15:22
3Victor MeteLeo Carlsson1223030%14:02
4Devon ToewsMichael Anderson122105%2:15
Power Play Forward
Line #Left WingCenterRight WingPHYDFOFWanted %Time %Time Play
1Jason RobertsonJack EichelJohnny Gaudreau1225050%5:59
2Jordan EberleT.J. OshieTroy Terry1225050%5:55
Power Play Defense
Line #DefenseDefensePHYDFOFWanted %Time %Time Play
1Devon ToewsMichael Anderson1225049%5:53
2Alexandre CarrierVictor Soderstrom1225051%6:01
Penalty Kill 4 Players Forward
Line #CenterWingPHYDFOFWanted %Time %Time Play
1Jason RobertsonJack Eichel1225036%0:43
2Johnny GaudreauJordan Eberle1225064%1:16
Penalty Kill 4 Players Defense
Line #DefenseDefensePHYDFOFWanted %Time %Time Play
1Devon ToewsMichael Anderson1225019%0:23
2Alexandre CarrierVictor Soderstrom1225081%1:36
Penalty Kill 3 Players
Line #WingPHYDFOFWanted %Time %Time PlayDefenseDefensePHYDFOFWanted %Time %Time Play
1Jason Robertson122500%0:00 Devon ToewsMichael Anderson122500%0:00
2Jack Eichel122500%0:00 Alexandre CarrierVictor Soderstrom122500%0:00
4 vs 4 Forward
Line #CenterWingPHYDFOFWanted %Time %Time Play
1Jason RobertsonJack Eichel122500%0:00
2Johnny GaudreauJordan Eberle122500%0:00
4 vs 4 Defense
Line #DefensePHYDFOFWanted %Time %Time Play
1Devon ToewsMichael Anderson122500%0:00
2Alexandre CarrierVictor Soderstrom122500%0:00
Last Minutes Offensive
Left WingCenterRight WingDefenseDefense
Jason RobertsonJack EichelJohnny GaudreauDevon ToewsMichael Anderson
Last Minutes Defensive
Left WingCenterRight WingDefenseDefense
Jason RobertsonJack EichelJohnny GaudreauDevon ToewsMichael Anderson
Time
Total ForwardTotal DefenseLast Minutes OffensiveLast Minutes Defensive
60:00 60:00 0:000:00
Extra Forwards
Normal PowerPlayPenalty Kill
Alex Newhook, Max Pacioretty, Ivan BarbashevAlex Newhook, Max PaciorettyIvan Barbashev
Extra Defensemen
Normal PowerPlayPenalty Kill
Victor Mete, Alexandre Carrier, Victor SoderstromVictor Mete, Alexandre CarrierVictor Soderstrom
Penalty Shots
Jason Robertson, Jack Eichel, Johnny Gaudreau, Jordan Eberle, Troy Terry
Goalie
Mike Smith, Pavel Francouz
Custom OT Lines Forwards
Jason Robertson, Jack Eichel, Johnny Gaudreau, Jordan Eberle, Troy Terry, T.J. Oshie, Max Pacioretty, Ivan Barbashev, Leo Carlsson, Ryan Getzlaf
Custom OT Lines Defensemen
Devon Toews, Michael Anderson, Alexandre Carrier, Victor Soderstrom, Victor Mete
Scratches
Denis Gurianov (Healthy), Miles Wood (Healthy), Philippe Myers (Healthy), Nico Daws (Left Hand Injury)

Oilers

5 vs 5 Forward
Line #Left WingCenterRight WingPHYDFOFWanted %Time %Time Play
1Jason DickinsonBryan RustKailer Yamamoto1223028%13:03
2Jujhar KhairaNate DanielsonMatthew Wood1223026%11:57
3Ryan McLeodBrayden YagerOskar Sundqvist1223026%11:53
4Nicolas DeslauriersDakota JoshuaRyan Reaves1221020%9:14
5 vs 5 Defense
Line #DefenseDefensePHYDFOFWanted %Time %Time Play
1Seth JonesSamuel Girard1223032%14:48
2Mattias SamuelssonCameron York1223031%14:20
3Brett KulakAlexander Edler1223032%14:44
4Seth JonesSamuel Girard122105%2:15
Power Play Forward
Line #Left WingCenterRight WingPHYDFOFWanted %Time %Time Play
1Jason DickinsonBryan RustKailer Yamamoto1225051%1:01
2Jujhar KhairaNate DanielsonMatthew Wood1225049%0:58
Power Play Defense
Line #DefenseDefensePHYDFOFWanted %Time %Time Play
1Seth JonesSamuel Girard1225074%1:28
2Mattias SamuelssonCameron York1225026%0:31
Penalty Kill 4 Players Forward
Line #CenterWingPHYDFOFWanted %Time %Time Play
1Bryan RustKailer Yamamoto1225047%5:35
2Nate DanielsonJason Dickinson1225053%6:19
Penalty Kill 4 Players Defense
Line #DefenseDefensePHYDFOFWanted %Time %Time Play
1Seth JonesSamuel Girard1225049%5:53
2Mattias SamuelssonCameron York1225051%6:01
Penalty Kill 3 Players
Line #WingPHYDFOFWanted %Time %Time PlayDefenseDefensePHYDFOFWanted %Time %Time Play
1Bryan Rust122500%0:00 Seth JonesSamuel Girard122500%0:00
2Kailer Yamamoto122500%0:00 Mattias SamuelssonCameron York122500%0:00
4 vs 4 Forward
Line #CenterWingPHYDFOFWanted %Time %Time Play
1Bryan RustKailer Yamamoto122500%0:00
2Nate DanielsonJason Dickinson122500%0:00
4 vs 4 Defense
Line #DefensePHYDFOFWanted %Time %Time Play
1Seth JonesSamuel Girard122500%0:00
2Mattias SamuelssonCameron York122500%0:00
Last Minutes Offensive
Left WingCenterRight WingDefenseDefense
Jason DickinsonBryan RustKailer YamamotoSeth JonesSamuel Girard
Last Minutes Defensive
Left WingCenterRight WingDefenseDefense
Jason DickinsonBryan RustKailer YamamotoSeth JonesSamuel Girard
Time
Total ForwardTotal DefenseLast Minutes OffensiveLast Minutes Defensive
60:00 60:00 0:000:00
Extra Forwards
Normal PowerPlayPenalty Kill
Brayden Yager, Oskar Sundqvist, Ryan McLeodBrayden Yager, Oskar SundqvistRyan McLeod
Extra Defensemen
Normal PowerPlayPenalty Kill
Brett Kulak, Alexander Edler, Mattias SamuelssonBrett Kulak, Alexander EdlerMattias Samuelsson
Penalty Shots
Bryan Rust, Kailer Yamamoto, Nate Danielson, Jason Dickinson, Matthew Wood
Goalie
Adin Hill, Brian Elliott
Custom OT Lines Forwards
Bryan Rust, Kailer Yamamoto, Nate Danielson, Jason Dickinson, Matthew Wood, Brayden Yager, Jujhar Khaira, Oskar Sundqvist, Ryan McLeod, Nicolas Deslauriers
Custom OT Lines Defensemen
Seth Jones, Samuel Girard, Mattias Samuelsson, Cameron York, Brett Kulak
Scratches
Michael Eyssimont (Healthy), Alex Nedeljkovic (Healthy), Elvis Merzlikins (Healthy)


Play-by-Play

1st period


0:01 of 1st period - Bryan Rust wins face-off versus Jack Eichel in neutral zone.
0:22 of 1st period - Seth Jones is hit by Michael Anderson and loses puck.
0:33 of 1st period - Michael Anderson is hit by Samuel Girard and loses puck.
0:38 of 1st period - Snap shot by Bryan Rust.
0:38 of 1st period - Deflect By Kailer Yamamoto.
0:38 of 1st period - Stopped by Mike Smith without a rebound.
0:39 of 1st period - T.J. Oshie wins face-off versus Nate Danielson in Ducks zone.
0:50 of 1st period - Wrist shot by Troy Terry.
0:50 of 1st period - Shot Misses the Net.
1:01 of 1st period - Icing by Jordan Eberle.
1:02 of 1st period - T.J. Oshie wins face-off versus Brayden Yager in Ducks zone.
1:27 of 1st period - Ryan Getzlaf is hit by Jujhar Khaira and loses puck.
1:48 of 1st period - Backhand shot by Max Pacioretty.
1:48 of 1st period - Stopped by Adin Hill without a rebound.
1:49 of 1st period - Ryan McLeod wins face-off versus T.J. Oshie in Oilers zone.
1:49 of 1st period - Ryan McLeod is hit by Troy Terry.
2:37 of 1st period - Snap shot by Bryan Rust.
2:37 of 1st period - Stopped by Mike Smith without a rebound.
2:38 of 1st period - Bryan Rust wins face-off versus Jack Eichel in Ducks zone.
2:39 of 1st period - Wrist shot by Kailer Yamamoto.
2:39 of 1st period - Shot Misses the Net.
2:47 of 1st period - Snap shot by Bryan Rust.
2:47 of 1st period - Shot Misses the Net.
2:49 of 1st period - Snap shot by Mattias Samuelsson.
2:49 of 1st period - Stopped by Mike Smith without a rebound.
2:50 of 1st period - Nate Danielson wins face-off versus T.J. Oshie in Ducks zone.
2:51 of 1st period - Snap shot by Matthew Wood.
2:51 of 1st period - Shot Blocked by T.J. Oshie.
2:57 of 1st period - Snap shot by Troy Terry.
2:57 of 1st period - Stopped by Adin Hill without a rebound.
2:58 of 1st period - T.J. Oshie wins face-off versus Nate Danielson in Oilers zone.
2:58 of 1st period - Troy Terry is hit by Mattias Samuelsson and loses puck.
3:01 of 1st period - Slapshot by Troy Terry.
3:01 of 1st period - Stopped by Adin Hill with a rebound.
3:03 of 1st period - Snap shot by Jordan Eberle.
3:03 of 1st period - Shot Misses the Net.
3:05 of 1st period - Wrist shot by Jordan Eberle.
3:05 of 1st period - Stopped by Adin Hill with a rebound.
3:07 of 1st period - Wrist shot by T.J. Oshie.
3:07 of 1st period - Stopped by Adin Hill without a rebound.
3:08 of 1st period - Ivan Barbashev wins face-off versus Ryan McLeod in Oilers zone.
3:09 of 1st period - Snap shot by Max Pacioretty.
3:09 of 1st period - Shot Blocked by Seth Jones.
3:11 of 1st period - Wrist shot by Ivan Barbashev.
3:11 of 1st period - Shot Blocked by Seth Jones.
3:13 of 1st period - Slapshot by Leo Carlsson.
3:13 of 1st period - Stopped by Adin Hill without a rebound.
3:14 of 1st period - Brayden Yager wins face-off versus Ivan Barbashev in Oilers zone.
3:19 of 1st period - Slapshot by Seth Jones.
3:19 of 1st period - Stopped by Mike Smith with a rebound.
4:09 of 1st period - Slapshot by Max Pacioretty.
4:09 of 1st period - Stopped by Adin Hill with a rebound.
4:11 of 1st period - Wrist shot by Ivan Barbashev.
4:11 of 1st period - Deflect By Samuel Girard.
4:11 of 1st period - Shot Blocked by Samuel Girard.
4:11 of 1st period - Puck is out of play.
4:12 of 1st period - Jack Eichel wins face-off versus Bryan Rust in Oilers zone.
5:01 of 1st period - Slapshot by Cameron York.
5:01 of 1st period - Stopped by Mike Smith with a rebound.
5:06 of 1st period - Minor Penalty to Nicolas Deslauriers for Elbowing.
5:07 of 1st period - Kailer Yamamoto wins face-off versus Jack Eichel in Oilers zone.
5:07 of 1st period - Kailer Yamamoto is hit by Jack Eichel.
5:56 of 1st period - Snap shot by Nate Danielson.
5:56 of 1st period - Stopped by Mike Smith without a rebound.
5:57 of 1st period - Nate Danielson wins face-off versus T.J. Oshie in Ducks zone.
7:06 of 1st period - Penalty to Nicolas Deslauriers is over, Nicolas Deslauriers is back on ice.
7:57 of 1st period - Slapshot by Jordan Eberle.
7:57 of 1st period - Shot Misses the Net.
8:09 of 1st period - Wrist shot by Max Pacioretty.
8:09 of 1st period - Shot Blocked by Brett Kulak.
8:52 of 1st period - Wrist shot by Matthew Wood.
8:52 of 1st period - Stopped by Mike Smith with a rebound.
9:22 of 1st period - Jack Eichel is hit by Bryan Rust and loses puck.
10:09 of 1st period - Ryan McLeod is hit by Jack Eichel and loses puck.
10:49 of 1st period - Ryan Reaves is hit by Ivan Barbashev and loses puck.
11:02 of 1st period - Nicolas Deslauriers is hit by Ivan Barbashev and loses puck.
11:52 of 1st period - Ivan Barbashev is hit by Jason Dickinson and loses puck.
12:07 of 1st period - Seth Jones is hit by Jordan Eberle and loses puck.
12:25 of 1st period - Nate Danielson is hit by Jack Roslovic and loses puck.
13:58 of 1st period - Icing by Devon Toews.
13:59 of 1st period - Jack Eichel wins face-off versus Bryan Rust in Ducks zone.
14:05 of 1st period - Icing by Samuel Girard.
14:06 of 1st period - Bryan Rust wins face-off versus T.J. Oshie in Oilers zone.
14:06 of 1st period - Kailer Yamamoto is hit by Troy Terry.
14:15 of 1st period - Icing by Troy Terry.
14:16 of 1st period - T.J. Oshie wins face-off versus Nate Danielson in Ducks zone.
14:28 of 1st period - Off-side.
14:29 of 1st period - Nate Danielson wins face-off versus Johnny Gaudreau in neutral zone.
14:44 of 1st period - Jason Robertson is hit by Matthew Wood and loses puck.
15:05 of 1st period - Kailer Yamamoto is hit by Ryan Getzlaf.
15:08 of 1st period - Off-side.
15:09 of 1st period - T.J. Oshie wins face-off versus Brayden Yager in neutral zone.
15:34 of 1st period - Johnny Gaudreau is hit by Jujhar Khaira and loses puck.
15:41 of 1st period - Snap shot by Nate Danielson.
15:41 of 1st period - Stopped by Mike Smith with a rebound.
17:27 of 1st period - Off-side.
17:28 of 1st period - Ryan Reaves wins face-off versus T.J. Oshie in neutral zone.
17:32 of 1st period - Off-side.
17:33 of 1st period - Matthew Wood wins face-off versus Ivan Barbashev in neutral zone.
17:44 of 1st period - Wrist shot by Matthew Wood.
17:44 of 1st period - Stopped by Mike Smith with a rebound.
18:06 of 1st period - Wrist shot by Johnny Gaudreau.
18:06 of 1st period - Stopped by Adin Hill without a rebound.
18:07 of 1st period - Brayden Yager wins face-off versus T.J. Oshie in Oilers zone.
18:33 of 1st period - Michael Anderson is hit by Nate Danielson and loses puck.
18:38 of 1st period - Snap shot by Matthew Wood.
18:38 of 1st period - Stopped by Mike Smith with a rebound.
19:12 of 1st period - Bryan Rust is hit by Ryan Getzlaf.
19:19 of 1st period - Ryan Reaves beats up T.J. Oshie.
19:19 of 1st period - Penalty to Ryan Reaves for Fighting.
19:19 of 1st period - Penalty to T.J. Oshie for Fighting.
19:20 of 1st period - Nate Danielson wins face-off versus Alex Newhook in neutral zone.
19:24 of 1st period - Off-side.
19:25 of 1st period - Nate Danielson wins face-off versus Alex Newhook in neutral zone.
19:37 of 1st period - Snap shot by Troy Terry.
19:37 of 1st period - Stopped by Adin Hill with a rebound.
19:51 of 1st period - Snap shot by Brayden Yager.
19:51 of 1st period - Deflect By Oskar Sundqvist.
19:51 of 1st period - Shot Misses the Net.
19:51 of 1st period - Puck is out of play.
19:52 of 1st period - Brayden Yager wins face-off versus Jack Eichel in Ducks zone.
19:53 of 1st period - Slapshot by Seth Jones.
19:53 of 1st period - Shot Blocked by Victor Soderstrom.
19:55 of 1st period - Snap shot by Brayden Yager.
19:55 of 1st period - Stopped by Mike Smith with a rebound.
19:57 of 1st period - Wrist shot by Ryan McLeod.
19:57 of 1st period - Stopped by Mike Smith with a rebound.
Goals for this period are 0 for Ducks vs 0 for Oilers.
Shots for this period are 9 for Ducks vs 12 for Oilers.

2nd period


0:01 of 2nd period - Bryan Rust wins face-off versus Jack Eichel in neutral zone.
0:11 of 2nd period - Minor Penalty to Kailer Yamamoto for Cross-checking.
0:12 of 2nd period - Bryan Rust wins face-off versus Alex Newhook in Oilers zone.
0:50 of 2nd period - Snap shot by Nate Danielson.
0:50 of 2nd period - Deflect By Jason Dickinson.
0:50 of 2nd period - Shot Misses the Net.
0:50 of 2nd period - Puck is out of play.
0:51 of 2nd period - Jack Eichel wins face-off versus Nate Danielson in Ducks zone.
1:07 of 2nd period - Wrist shot by Jack Eichel.
1:07 of 2nd period - Shot Misses the Net.
1:17 of 2nd period - Alexandre Carrier is hit by Jason Dickinson and loses puck.
1:56 of 2nd period - Johnny Gaudreau is hit by Ryan McLeod and loses puck.
2:11 of 2nd period - Penalty to Kailer Yamamoto is over, Kailer Yamamoto is back on ice.
2:24 of 2nd period - Snap shot by Brayden Yager.
2:24 of 2nd period - Stopped by Mike Smith with a rebound.
2:26 of 2nd period - Slapshot by Mattias Samuelsson.
2:26 of 2nd period - Shot Misses the Net.
3:04 of 2nd period - Minor Penalty to Brett Kulak for Roughing.
3:05 of 2nd period - Nate Danielson wins face-off versus Jack Eichel in Oilers zone.
3:58 of 2nd period - Slapshot by Max Pacioretty.
3:58 of 2nd period - Stopped by Adin Hill without a rebound.
3:59 of 2nd period - Nate Danielson wins face-off versus Max Pacioretty in Oilers zone.
3:59 of 2nd period - Jason Dickinson is hit by Jordan Eberle and loses puck.
4:19 of 2nd period - Penalty to Ryan Reaves is over, Ryan Reaves is back on ice.
5:04 of 2nd period - Penalty to Brett Kulak is over, Brett Kulak is back on ice.
5:31 of 2nd period - Cameron York is hit by Jason Robertson and loses puck.
6:02 of 2nd period - Slapshot by Jordan Eberle.
6:02 of 2nd period - Stopped by Adin Hill without a rebound.
6:03 of 2nd period - Ivan Barbashev wins face-off versus Bryan Rust in Oilers zone.
6:04 of 2nd period - Snap shot by Max Pacioretty.
6:04 of 2nd period - Stopped by Adin Hill without a rebound.
6:05 of 2nd period - Ivan Barbashev wins face-off versus Bryan Rust in Oilers zone.
6:08 of 2nd period - Snap shot by Max Pacioretty.
6:08 of 2nd period - Goal by Max Pacioretty - Ducks : 1 - Oilers : 0.
6:09 of 2nd period - Bryan Rust wins face-off versus Ivan Barbashev in neutral zone.
6:34 of 2nd period - Seth Jones is hit by Michael Anderson and loses puck.
8:03 of 2nd period - Snap shot by Oskar Sundqvist.
8:03 of 2nd period - Shot Blocked by Michael Anderson.
8:05 of 2nd period - Wrist shot by Brett Kulak.
8:05 of 2nd period - Shot Misses the Net.
8:07 of 2nd period - Wrist shot by Brayden Yager.
8:07 of 2nd period - Stopped by Mike Smith with a rebound.
8:27 of 2nd period - Wrist shot by Matthew Wood.
8:27 of 2nd period - Shot Blocked by Leo Carlsson.
9:33 of 2nd period - Bryan Rust is hit by Victor Soderstrom and loses puck.
9:40 of 2nd period - Wrist shot by Jason Robertson.
9:40 of 2nd period - Shot Blocked by Seth Jones.
9:42 of 2nd period - Backhand shot by Victor Soderstrom.
9:42 of 2nd period - Shot Misses the Net.
9:58 of 2nd period - Troy Terry is hit by Jujhar Khaira and loses puck.
10:13 of 2nd period - Wrist shot by Nicolas Deslauriers.
10:13 of 2nd period - Stopped by Mike Smith with a rebound.
10:15 of 2nd period - Backhand shot by Nicolas Deslauriers.
10:15 of 2nd period - Goal by Nicolas Deslauriers - Ducks : 1 - Oilers : 1.
10:16 of 2nd period - Ivan Barbashev wins face-off versus Bryan Rust in neutral zone.
10:41 of 2nd period - Oskar Sundqvist is hit by Troy Terry and loses puck.
10:56 of 2nd period - Minor Penalty to Brayden Yager for Tripping.
10:57 of 2nd period - Nate Danielson wins face-off versus T.J. Oshie in Oilers zone.
12:03 of 2nd period - Wrist shot by Jason Robertson.
12:03 of 2nd period - Shot Misses the Net.
12:14 of 2nd period - Icing by Jason Robertson.
12:15 of 2nd period - Jack Eichel wins face-off versus Bryan Rust in Ducks zone.
12:22 of 2nd period - Slapshot by Jack Eichel.
12:22 of 2nd period - Stopped by Adin Hill without a rebound.
12:23 of 2nd period - T.J. Oshie wins face-off versus Bryan Rust in Oilers zone.
12:24 of 2nd period - Wrist shot by Troy Terry.
12:24 of 2nd period - Shot Blocked by Mattias Samuelsson.
12:34 of 2nd period - Snap shot by Jason Dickinson.
12:34 of 2nd period - Stopped by Mike Smith with a rebound.
12:56 of 2nd period - Penalty to Brayden Yager is over, Brayden Yager is back on ice.
13:05 of 2nd period - Wrist shot by Brayden Yager.
13:05 of 2nd period - Stopped by Mike Smith with a rebound.
13:07 of 2nd period - Slapshot by Mattias Samuelsson.
13:07 of 2nd period - Stopped by Mike Smith with a rebound.
13:23 of 2nd period - Dakota Joshua is hit by Corey Perry and loses puck.
13:38 of 2nd period - Nicolas Deslauriers is hit by Corey Perry.
13:48 of 2nd period - Samuel Girard is hit by Jack Eichel and loses puck.
14:05 of 2nd period - Samuel Girard is hit by Jordan Eberle and loses puck.
15:23 of 2nd period - Slapshot by Cameron York.
15:23 of 2nd period - Shot Misses the Net.
15:47 of 2nd period - Snap shot by Johnny Gaudreau.
15:47 of 2nd period - Stopped by Adin Hill with a rebound.
15:53 of 2nd period - Leo Carlsson is hit by Jujhar Khaira and loses puck.
16:16 of 2nd period - T.J. Oshie is hit by Ryan McLeod and loses puck.
16:33 of 2nd period - Slapshot by Max Pacioretty.
16:33 of 2nd period - Shot Blocked by Kailer Yamamoto.
16:35 of 2nd period - Slapshot by Victor Mete.
16:35 of 2nd period - Shot Misses the Net.
16:45 of 2nd period - Jason Robertson is hit by Ryan Reaves and loses puck.
18:32 of 2nd period - Minor Penalty to Nicolas Deslauriers for Holding Stick.
18:33 of 2nd period - T.J. Oshie wins face-off versus Nate Danielson in Oilers zone.
19:25 of 2nd period - Snap shot by Nate Danielson.
19:25 of 2nd period - Stopped by Mike Smith without a rebound.
19:26 of 2nd period - Jack Eichel wins face-off versus Nate Danielson in Ducks zone.
19:33 of 2nd period - Snap shot by Johnny Gaudreau.
19:33 of 2nd period - Stopped by Adin Hill without a rebound.
19:34 of 2nd period - Nate Danielson wins face-off versus Jack Eichel in Oilers zone.
19:34 of 2nd period - Nate Danielson is hit by Jason Robertson.
19:48 of 2nd period - Kailer Yamamoto is hit by Jason Robertson and loses puck.
Goals for this period are 1 for Ducks vs 1 for Oilers.
Shots for this period are 7 for Ducks vs 8 for Oilers.

3rd period


0:01 of 3rd period - T.J. Oshie wins face-off versus Nate Danielson in neutral zone.
0:04 of 3rd period - Slapshot by Troy Terry.
0:04 of 3rd period - Shot Blocked by Samuel Girard.
0:09 of 3rd period - Off-side.
0:10 of 3rd period - Nate Danielson wins face-off versus T.J. Oshie in neutral zone.
0:21 of 3rd period - Snap shot by Troy Terry.
0:21 of 3rd period - Stopped by Adin Hill without a rebound.
0:22 of 3rd period - Bryan Rust wins face-off versus T.J. Oshie in Oilers zone.
0:32 of 3rd period - Penalty to Nicolas Deslauriers is over, Nicolas Deslauriers is back on ice.
0:53 of 3rd period - Snap shot by Jason Robertson.
0:53 of 3rd period - Goal by Jason Robertson - Ducks : 2 - Oilers : 1.
0:54 of 3rd period - T.J. Oshie wins face-off versus Bryan Rust in neutral zone.
0:57 of 3rd period - Bryan Rust is hit by T.J. Oshie and loses puck.
1:04 of 3rd period - Jason Dickinson is hit by Jordan Eberle and loses puck.
1:21 of 3rd period - Icing by Michael Anderson.
1:22 of 3rd period - Nate Danielson wins face-off versus T.J. Oshie in Ducks zone.
1:25 of 3rd period - Wrist shot by Matthew Wood.
1:25 of 3rd period - Stopped by Mike Smith with a rebound.
1:27 of 3rd period - Slapshot by Mattias Samuelsson.
1:27 of 3rd period - Deflect By Matthew Wood.
1:27 of 3rd period - Stopped by Mike Smith without a rebound.
1:28 of 3rd period - Ivan Barbashev wins face-off versus Brayden Yager in Ducks zone.
1:53 of 3rd period - Snap shot by Johnny Gaudreau.
1:53 of 3rd period - Stopped by Adin Hill with a rebound.
2:19 of 3rd period - Snap shot by Nate Danielson.
2:19 of 3rd period - Shot Blocked by Troy Terry.
2:21 of 3rd period - Wrist shot by Jujhar Khaira.
2:21 of 3rd period - Shot Misses the Net.
2:23 of 3rd period - Snap shot by Samuel Girard.
2:23 of 3rd period - Stopped by Mike Smith with a rebound.
2:29 of 3rd period - Minor Penalty to Victor Soderstrom for Holding.
2:30 of 3rd period - Bryan Rust wins face-off versus Jason Robertson in Ducks zone.
2:53 of 3rd period - Slapshot by Johnny Gaudreau.
2:53 of 3rd period - Stopped by Adin Hill with a rebound.
3:05 of 3rd period - Slapshot by Bryan Rust.
3:05 of 3rd period - Stopped by Mike Smith without a rebound.
3:06 of 3rd period - Matthew Wood wins face-off versus Jason Robertson in Ducks zone.
3:25 of 3rd period - Mattias Samuelsson is hit by Alexandre Carrier and loses puck.
3:29 of 3rd period - Icing by Cameron York.
3:30 of 3rd period - Nate Danielson wins face-off versus Jason Robertson in Oilers zone.
3:35 of 3rd period - Jack Eichel is hit by Jujhar Khaira and loses puck.
3:40 of 3rd period - Wrist shot by Nate Danielson.
3:40 of 3rd period - Stopped by Mike Smith with a rebound.
3:42 of 3rd period - Wrist shot by Nate Danielson.
3:42 of 3rd period - Shot Misses the Net.
3:44 of 3rd period - Snap shot by Jujhar Khaira.
3:44 of 3rd period - Shot Blocked by Jason Robertson.
3:46 of 3rd period - Wrist shot by Seth Jones.
3:46 of 3rd period - Deflect By Matthew Wood.
3:46 of 3rd period - Shot Misses the Net.
3:46 of 3rd period - Puck is out of play.
3:47 of 3rd period - Johnny Gaudreau wins face-off versus Bryan Rust in Ducks zone.
3:59 of 3rd period - Slapshot by Samuel Girard.
3:59 of 3rd period - Stopped by Mike Smith with a rebound.
4:29 of 3rd period - Penalty to Victor Soderstrom is over, Victor Soderstrom is back on ice.
4:58 of 3rd period - Slapshot by Brayden Yager.
4:58 of 3rd period - Stopped by Mike Smith without a rebound.
4:59 of 3rd period - Ivan Barbashev wins face-off versus Brayden Yager in Ducks zone.
5:59 of 3rd period - Corey Perry is hit by Jason Dickinson and loses puck.
6:26 of 3rd period - Snap shot by Kailer Yamamoto.
6:26 of 3rd period - Stopped by Mike Smith without a rebound.
6:27 of 3rd period - Nate Danielson wins face-off versus T.J. Oshie in Ducks zone.
6:32 of 3rd period - Wrist shot by Matthew Wood.
6:32 of 3rd period - Stopped by Mike Smith without a rebound.
6:33 of 3rd period - Jack Eichel wins face-off versus Nate Danielson in Ducks zone.
6:42 of 3rd period - Slapshot by Samuel Girard.
6:42 of 3rd period - Stopped by Mike Smith without a rebound.
6:43 of 3rd period - Jack Eichel wins face-off versus Nate Danielson in Ducks zone.
6:43 of 3rd period - Jack Eichel is hit by Jujhar Khaira.
6:58 of 3rd period - Minor Penalty to Nate Danielson for High sticking.
6:59 of 3rd period - Ryan McLeod wins face-off versus T.J. Oshie in Oilers zone.
8:58 of 3rd period - Penalty to Nate Danielson is over, Nate Danielson is back on ice.
9:00 of 3rd period - Off-side.
9:01 of 3rd period - Ivan Barbashev wins face-off versus Ryan Reaves in neutral zone.
9:01 of 3rd period - Ivan Barbashev is hit by Nicolas Deslauriers.
9:26 of 3rd period - Slapshot by Victor Soderstrom.
9:26 of 3rd period - Stopped by Adin Hill with a rebound.
9:32 of 3rd period - Leo Carlsson is hit by Brett Kulak and loses puck.
10:01 of 3rd period - Jason Robertson is hit by Mattias Samuelsson and loses puck.
10:08 of 3rd period - Wrist shot by Kailer Yamamoto.
10:08 of 3rd period - Stopped by Mike Smith with a rebound.
10:10 of 3rd period - Wrist shot by Kailer Yamamoto.
10:10 of 3rd period - Stopped by Mike Smith with a rebound.
10:12 of 3rd period - Snap shot by Seth Jones.
10:12 of 3rd period - Shot Misses the Net.
10:25 of 3rd period - Icing by Michael Anderson.
10:26 of 3rd period - Ivan Barbashev wins face-off versus Dakota Joshua in Ducks zone.
10:26 of 3rd period - Ivan Barbashev is hit by Ryan Reaves.
10:55 of 3rd period - Devon Toews is hit by Seth Jones and loses puck.
10:58 of 3rd period - Slapshot by Ivan Barbashev.
10:58 of 3rd period - Stopped by Adin Hill with a rebound.
11:00 of 3rd period - Wrist shot by Max Pacioretty.
11:00 of 3rd period - Shot Misses the Net.
11:04 of 3rd period - Wrist shot by Max Pacioretty.
11:04 of 3rd period - Deflect By Ivan Barbashev.
11:04 of 3rd period - Goal by Ivan Barbashev - Ducks : 3 - Oilers : 1.
11:05 of 3rd period - Brayden Yager wins face-off versus Jack Eichel in neutral zone.
12:38 of 3rd period - Max Pacioretty is hit by Alexander Edler and loses puck.
12:51 of 3rd period - Wrist shot by Jack Roslovic.
12:51 of 3rd period - Stopped by Adin Hill without a rebound.
12:52 of 3rd period - Nate Danielson wins face-off versus Leo Carlsson in Oilers zone.
12:59 of 3rd period - Samuel Girard is hit by Victor Soderstrom and loses puck.
13:12 of 3rd period - Snap shot by Jason Robertson.
13:12 of 3rd period - Shot Misses the Net.
13:28 of 3rd period - Icing by Jason Robertson.
13:29 of 3rd period - Brayden Yager wins face-off versus Jack Eichel in Ducks zone.
13:30 of 3rd period - Snap shot by Ryan McLeod.
13:30 of 3rd period - Shot Misses the Net.
13:40 of 3rd period - Ryan McLeod is hit by Jack Eichel and loses puck.
13:58 of 3rd period - Snap shot by Jordan Eberle.
13:58 of 3rd period - Shot Misses the Net.
14:18 of 3rd period - Max Pacioretty is hit by Cameron York and loses puck.
14:25 of 3rd period - Slapshot by Devon Toews.
14:25 of 3rd period - Stopped by Adin Hill with a rebound.
14:27 of 3rd period - Wrist shot by Ivan Barbashev.
14:27 of 3rd period - Shot Blocked by Cameron York.
15:02 of 3rd period - Jordan Eberle is hit by Brayden Yager and loses puck.
15:21 of 3rd period - Slapshot by Jason Robertson.
15:21 of 3rd period - Shot Blocked by Brett Kulak.
15:55 of 3rd period - Nate Danielson is hit by T.J. Oshie and loses puck.
16:31 of 3rd period - Cameron York is hit by Troy Terry and loses puck.
16:40 of 3rd period - Troy Terry is hit by Nicolas Deslauriers and loses puck.
16:51 of 3rd period - Wrist shot by Nicolas Deslauriers.
16:51 of 3rd period - Stopped by Mike Smith with a rebound.
16:59 of 3rd period - T.J. Oshie is hit by Ryan Reaves and loses puck.
17:12 of 3rd period - Leo Carlsson is hit by Samuel Girard and loses puck.
17:31 of 3rd period - Troy Terry is hit by Mattias Samuelsson.
17:47 of 3rd period - Wrist shot by Ryan Reaves.
17:47 of 3rd period - Stopped by Mike Smith without a rebound.
17:48 of 3rd period - Ivan Barbashev wins face-off versus Brayden Yager in Ducks zone.
18:13 of 3rd period - Jason Dickinson is hit by Johnny Gaudreau and loses puck.
Goals for this period are 2 for Ducks vs 0 for Oilers.
Shots for this period are 9 for Ducks vs 14 for Oilers.